ITL
INDIANA HOUNDS @ RICHMOND FLAIRS
09/24/2026
 
TOP OF THE 1ST
Indiana Hounds batting - Pitching for Richmond Flairs : RHP Sandro Gonzáles
Pitching: RHP Sandro Gonzáles
Batting: RHB Jeff Jones 0-0: Ball
1-0: Called Strike
1-1: Ball
2-1: Swinging Strike
2-2: Fly out, F2 (Popup, 25F)
Batting: RHB Domingo Romero 0-0: SOLO HOME RUN (Flyball, 7D), Distance : 369 ft
Batting: RHB Juan Brieno 0-0: Ball
1-0: Ball
2-0: Foul Ball, location: 2F
2-1: Ground out 5-3 (Groundball, 56S)
Batting: LHB Dave Helásquez 0-0: Foul Ball, location: 2F
0-1: Swinging Strike
0-2: Ball
1-2: Strikes out swinging
Top of the 1st over - 1 run(s), 1 hit(s), 0 error(s), 0 left on base; Indiana 1 - Richmond 0
BOTTOM OF THE 1ST
Richmond Flairs batting - Pitching for Indiana Hounds : LHP Keith Hill
Pitching: LHP Keith Hill
Batting: RHB Javier Rentería 0-0: SINGLE (Line Drive, 34D)
Batting: LHB Luis Villa 0-0: Fly out, F5 (Popup, 5DF)
Batting: RHB R.J. Crosby 0-0: Ball
1-0: DOUBLE (Flyball, 89XD)
Javier Rentería to third
Runner from 3rd tries for Home, throw and OUT!
Batting: RHB Alberto Hernández 0-0: Ball
1-0: Called Strike
1-1: Called Strike
1-2: Strikes out swinging
Bottom of the 1st over - 0 run(s), 2 hit(s), 0 error(s), 1 left on base; Indiana 1 - Richmond 0
TOP OF THE 2ND
Indiana Hounds batting - Pitching for Richmond Flairs : RHP Sandro Gonzáles
Batting: RHB Vicente Valentín 0-0: Ball
1-0: Swinging Strike
1-1: Swinging Strike
1-2: Ball
2-2: Foul Ball, location: 2F
2-2: Strikes out swinging
Batting: LHB Clint Parkinson 0-0: Called Strike
0-1: Foul Ball, location: 2F
0-2: Ball
1-2: DOUBLE (Flyball, 9D)
Batting: LHB Dave Watson 0-0: Ball
1-0: Ball
2-0: Called Strike
2-1: Ball
3-1: Swinging Strike
3-2: Foul Ball, location: 2F
3-2: Base on Balls
Batting: RHB António Venecia 0-0: 3-RUN HOME RUN (Flyball, 78XD), Distance : 373 ft
Batting: RHB Carlos Moya 0-0: Ball
1-0: Ball
2-0: Ball
3-0: Base on Balls
Batting: RHB Jeff Jones 0-0: Ball
1-0: SINGLE (Line Drive, 4MD)
Carlos Moya to second
Batting: RHB Domingo Romero 0-0: Grounds into double play, 6-4-3 (Groundball, 6)
Top of the 2nd over - 3 run(s), 3 hit(s), 0 error(s), 1 left on base; Indiana 4 - Richmond 0
BOTTOM OF THE 2ND
Richmond Flairs batting - Pitching for Indiana Hounds : LHP Keith Hill
Batting: RHB Jack Ray 0-0: Ball
1-0: Called Strike
1-1: Ball
2-1: Swinging Strike
2-2: Ball
3-2: Ground out 1-3 (Groundball, 13S)
Batting: RHB Tom Carey 0-0: Swinging Strike
0-1: Reached on Error, E7 (Flyball, 7M)
Batting: LHB Roland Jones 0-0: Ball
1-0: Ball
2-0: Fly out, F9 (Flyball, 89S)
Batting: RHB Christian Hudson 0-0: Called Strike
0-1: Ball
1-1: Ball
2-1: Foul Ball, location: 2F
2-2: Ball
3-2: Foul Ball, location: 2F
3-2: Reached on Error, E9 (Flyball, 9D)
Tom Carey to third
Batting: SHB Carlos Reyes 0-0: SINGLE (Groundball, 56D)
Tom Carey scores
Christian Hudson to third
Runner from 3rd tries for Home, SAFE, no throw or cutoff
Batting: RHB Javier Rentería 0-0: Foul Ball, location: 2F
0-1: Foul Ball, location: 2F
0-2: Ball
1-2: Ball
2-2: Strikes out swinging
Bottom of the 2nd over - 2 run(s), 1 hit(s), 2 error(s), 1 left on base; Indiana 4 - Richmond 2
TOP OF THE 3RD
Indiana Hounds batting - Pitching for Richmond Flairs : RHP Sandro Gonzáles
Batting: RHB Juan Brieno 0-0: Ball
1-0: Ball
2-0: Called Strike
2-1: Fly out, F7 (Flyball, 7D)
Batting: LHB Dave Helásquez 0-0: Swinging Strike
0-1: Called Strike
0-2: Ball
1-2: Strikes out looking
Batting: RHB Vicente Valentín 0-0: Swinging Strike
0-1: Ball
1-1: Ball
2-1: Fly out, F8 (Flyball, 8LXD)
Top of the 3rd over - 0 run(s), 0 hit(s), 0 error(s), 0 left on base; Indiana 4 - Richmond 2
BOTTOM OF THE 3RD
Richmond Flairs batting - Pitching for Indiana Hounds : LHP Keith Hill
Batting: LHB Luis Villa 0-0: Called Strike
0-1: Called Strike
0-2: Ground out 5-3 (Groundball, 5S)
Batting: RHB R.J. Crosby 0-0: Ball
1-0: Foul Ball, location: 2F
1-1: Ground out 3-1 (Groundball, 34)
Batting: RHB Alberto Hernández 0-0: Ball
1-0: Ball
2-0: Ball
3-0: Base on Balls
Batting: RHB Jack Ray 0-0: Foul Ball, location: 2F
0-1: Called Strike
0-2: Ground out 4-3 (Groundball, 4)
Bottom of the 3rd over - 0 run(s), 0 hit(s), 0 error(s), 1 left on base; Indiana 4 - Richmond 2
TOP OF THE 4TH
Indiana Hounds batting - Pitching for Richmond Flairs : RHP Sandro Gonzáles
Batting: LHB Clint Parkinson 0-0: Swinging Strike
0-1: Ball
1-1: Ball
2-1: Foul Ball, location: 2F
2-2: Foul Ball, location: 2F
2-2: Ball
3-2: Foul Ball, location: 2F
3-2: Fly out, F6 (Popup, 6MD)
Batting: LHB Dave Watson 0-0: Foul Ball, location: 2F
0-1: Swinging Strike
0-2: Foul Ball, location: 2F
0-2: Foul Ball, location: 2F
0-2: Ball
1-2: Fly out, F6 (Popup, 5DF)
Batting: RHB António Venecia 0-0: Ball
1-0: Swinging Strike
1-1: Ball
2-1: Ball
3-1: Foul Ball, location: 2F
3-2: Foul Ball, location: 2F
3-2: SOLO HOME RUN (Flyball, 7LD), Distance : 348 ft
Batting: RHB Carlos Moya 0-0: Ball
1-0: Ball
2-0: Ball
3-0: Called Strike
3-1: Foul Ball, location: 2F
3-2: Base on Balls
Batting: RHB Jeff Jones 0-0: Foul Ball, location: 2F
0-1: Ball
Carlos Moya is caught stealing 2nd base
Top of the 4th over - 1 run(s), 1 hit(s), 0 error(s), 0 left on base; Indiana 5 - Richmond 2
BOTTOM OF THE 4TH
Richmond Flairs batting - Pitching for Indiana Hounds : LHP Keith Hill
Batting: RHB Tom Carey 0-0: Ball
1-0: Called Strike
1-1: Ball
2-1: Ball
3-1: SINGLE (Line Drive, 56D)
Batting: LHB Roland Jones 0-0: Fly out, F3 (Line Drive, 3)
Batting: RHB Christian Hudson 0-0: Ball
1-0: Ball
2-0: Foul Ball, location: 2F
2-1: Foul Ball, location: 2F
2-2: DOUBLE (Line Drive, 5L)
Tom Carey to third
Batting: SHB Carlos Reyes 0-0: Ball
1-0: Swinging Strike
1-1: Ground out 6-3 (Groundball, 6S)
Tom Carey scores
Christian Hudson to third
Batting: RHB Javier Rentería 0-0: Called Strike
0-1: Ball
1-1: Ball
2-1: Foul Ball, location: 2F
2-2: Strikes out swinging
Bottom of the 4th over - 1 run(s), 2 hit(s), 0 error(s), 1 left on base; Indiana 5 - Richmond 3
TOP OF THE 5TH
Indiana Hounds batting - Pitching for Richmond Flairs : RHP Sandro Gonzáles
Batting: RHB Jeff Jones 0-0: Called Strike
0-1: Swinging Strike
0-2: Foul Ball, location: 2F
0-2: Ball
1-2: Ball
2-2: Ground out U3 (Groundball, 3S)
Batting: RHB Domingo Romero 0-0: Foul Ball, location: 2F
0-1: Ball
1-1: Ball
2-1: SOLO HOME RUN (Flyball, 7LD), Distance : 325 ft
Batting: RHB Juan Brieno 0-0: Foul Ball, location: 2F
0-1: Ball
1-1: Foul Ball, location: 2F
1-2: Ball
2-2: Ball
3-2: Foul Ball, location: 2F
3-2: Strikes out swinging
Batting: LHB Dave Helásquez 0-0: Called Strike
0-1: Called Strike
0-2: Ball
1-2: Ball
2-2: Foul Ball, location: 2F
2-2: Ball
3-2: Fly out, F4 (Line Drive, 4)
Top of the 5th over - 1 run(s), 1 hit(s), 0 error(s), 0 left on base; Indiana 6 - Richmond 3
BOTTOM OF THE 5TH
Richmond Flairs batting - Pitching for Indiana Hounds : LHP Keith Hill
Batting: LHB Luis Villa 0-0: Ball
1-0: Called Strike
1-1: Ball
2-1: SINGLE (Groundball, 5D)
Batting: RHB R.J. Crosby 0-0: Called Strike
0-1: Ball
1-1: Ball
2-1: Called Strike
2-2: Foul Ball, location: 2F
2-2: SINGLE (Line Drive, 89S)
Luis Villa to second
Batting: RHB Alberto Hernández 0-0: Ball
1-0: Called Strike
1-1: Ball
2-1: SINGLE (Line Drive, 78S)
Luis Villa to third
R.J. Crosby to second
Runner from 3rd tries for Home, SAFE, throw made at trailing runner, SAFE at third!
Batting: RHB Jack Ray 0-0: Ball
1-0: Called Strike
1-1: Fly out, F8 (Flyball, 8RD)
Runner from 3rd tags up, SCORES, no throw
Batting: RHB Tom Carey 0-0: Called Strike
0-1: Foul Ball, location: 2F
0-2: Strikes out swinging
Batting: LHB Roland Jones Pickoff Throw to First - Out!
Bottom of the 5th over - 2 run(s), 3 hit(s), 0 error(s), 0 left on base; Indiana 6 - Richmond 5
TOP OF THE 6TH
Indiana Hounds batting - Pitching for Richmond Flairs : RHP Sandro Gonzáles
Pitching: RHP Jack Walker
Batting: RHB Vicente Valentín 0-0: Called Strike
0-1: Foul Ball, location: 2F
0-2: Strikes out looking
Batting: LHB Clint Parkinson 0-0: Called Strike
0-1: Ball
1-1: SOLO HOME RUN (Flyball, 89D), Distance : 370 ft
Batting: LHB Dave Watson 0-0: Ball
1-0: Ball
2-0: Called Strike
2-1: Foul Ball, location: 2F
2-2: Foul Ball, location: 2F
2-2: Strikes out looking
Batting: RHB António Venecia 0-0: Ball
1-0: Called Strike
1-1: Ball
2-1: Ball
3-1: Base on Balls
Batting: RHB Carlos Moya 0-0: Called Strike
0-1: Hit by Pitch
António Venecia to second
Batting: RHB Jeff Jones 0-0: Fly out, F9 (Flyball, 9M)
Top of the 6th over - 1 run(s), 1 hit(s), 0 error(s), 2 left on base; Indiana 7 - Richmond 5
BOTTOM OF THE 6TH
Richmond Flairs batting - Pitching for Indiana Hounds : LHP Keith Hill
Batting: LHB Roland Jones 0-0: Called Strike
0-1: Fly out, F6 (Popup, 78S)
Batting: RHB Christian Hudson 0-0: Foul Ball, location: 2F
0-1: Ball
1-1: Foul Ball, location: 2F
1-2: Foul Ball, location: 2F
1-2: Ball
2-2: Foul Ball, location: 2F
2-2: Foul Ball, location: 2F
2-2: SINGLE (Line Drive, 8LS)
Batting: SHB Carlos Reyes 0-0: SINGLE (Groundball, 34D)
Christian Hudson to second
Runner from 2nd tries for 3rd, SAFE, throw made to third
Batting: RHB Javier Rentería 0-0: Ball
1-0: Ball
2-0: Foul Ball, location: 2F
2-1: Ball
3-1: Foul Ball, location: 2F
3-2: Strikes out swinging
Pitching: LHP Dennis Taylor
Batting: LHB Luis Villa 0-0: Called Strike
0-1: Ball
1-1: Ball
2-1: Ball
3-1: Foul Ball, location: 2F
3-2: Foul Ball, location: 2F
3-2: Foul Ball, location: 2F
3-2: Ground out 4-3 (Groundball, 4)
Bottom of the 6th over - 0 run(s), 2 hit(s), 0 error(s), 2 left on base; Indiana 7 - Richmond 5
TOP OF THE 7TH
Indiana Hounds batting - Pitching for Richmond Flairs : RHP Jack Walker
Batting: RHB Domingo Romero 0-0: Ball
1-0: Called Strike
1-1: Ball
2-1: Foul Ball, location: 2F
2-2: Ball
3-2: Base on Balls
Batting: RHB Juan Brieno 0-0: Ball
1-0: Fielders Choice at 2nd, 4-6 (Groundball, 4M)
Pitching: LHP Orlando Díaz
Batting: LHB Dave Helásquez 0-0: Called Strike
0-1: Called Strike
0-2: Ball
1-2: Ball
2-2: Ball
3-2: Foul Ball, location: 2F
3-2: Foul Ball, location: 2F
3-2: SINGLE (Groundball, 34)
Juan Brieno to second
Juan Brieno to third
Batting: RHB Vicente Valentín 0-0: Swinging Strike
0-1: Called Strike
0-2: Ball
1-2: Strikes out looking
Pinch Hitting: RHB Danny Walker 0-0: DOUBLE (Line Drive, 9LM)
Juan Brieno scores
Dave Helásquez to third
Pitching: LHP Takaaki Omori
Batting: LHB Dave Watson 0-0: Ball
1-0: Ball
2-0: 3-RUN HOME RUN (Flyball, 89XD), Distance : 369 ft
Batting: RHB António Venecia 0-0: Ball
1-0: Ball
2-0: Ball
3-0: Base on Balls
Batting: RHB Carlos Moya 0-0: Foul Ball, location: 2F
0-1: Ball
1-1: Ball
2-1: Ball
3-1: Called Strike
3-2: Base on Balls
António Venecia to second
Batting: RHB Jeff Jones 0-0: Ball
1-0: Foul Ball, location: 2F
1-1: Called Strike
1-2: Strikes out swinging
Top of the 7th over - 4 run(s), 3 hit(s), 0 error(s), 2 left on base; Indiana 11 - Richmond 5
BOTTOM OF THE 7TH
Richmond Flairs batting - Pitching for Indiana Hounds : LHP Dennis Taylor
Now at 1B: Shawn Marshall
Batting: RHB R.J. Crosby 0-0: Ball
1-0: Called Strike
1-1: Ball
2-1: Ball
3-1: Base on Balls
Batting: RHB Alberto Hernández 0-0: Ball
1-0: Swinging Strike
1-1: Ball
2-1: Ball
3-1: Ground out 4-3 (Groundball, 13)
R.J. Crosby to second
Batting: RHB Jack Ray 0-0: Fly out, F8 (Flyball, 8LM)
Batting: RHB Tom Carey 0-0: Ball
1-0: Ball
2-0: Foul Ball, location: 2F
2-1: Ball
3-1: Called Strike
3-2: Foul Ball, location: 2F
3-2: Foul Ball, location: 2F
3-2: Fly out, F8 (Flyball, 78M)
Bottom of the 7th over - 0 run(s), 0 hit(s), 0 error(s), 1 left on base; Indiana 11 - Richmond 5
TOP OF THE 8TH
Indiana Hounds batting - Pitching for Richmond Flairs : LHP Takaaki Omori
Batting: RHB Domingo Romero 0-0: Ball
1-0: Foul Ball, location: 2F
1-1: DOUBLE (Flyball, 78XD)
Batting: RHB Juan Brieno 0-0: Ball
1-0: Ball
2-0: Called Strike
2-1: Foul Ball, location: 2F
2-2: Fly out, F7 (Flyball, 7D)
Runner from 2nd tags up, SAFE at 3rd, no throw
Batting: LHB Dave Helásquez 0-0: Ball
1-0: Called Strike
1-1: Called Strike
1-2: Strikes out swinging
Batting: RHB Vicente Valentín 0-0: Called Strike
0-1: Swinging Strike
0-2: Strikes out looking
Top of the 8th over - 0 run(s), 1 hit(s), 0 error(s), 1 left on base; Indiana 11 - Richmond 5
BOTTOM OF THE 8TH
Richmond Flairs batting - Pitching for Indiana Hounds : LHP Dennis Taylor
Batting: LHB Roland Jones 0-0: SOLO HOME RUN (Flyball, 7D), Distance : 361 ft
Batting: RHB Christian Hudson 0-0: Called Strike
0-1: Ball
1-1: Foul Ball, location: 2F
1-2: Foul Ball, location: 2F
1-2: Ball
2-2: Foul Ball, location: 2F
2-2: Strikes out swinging
Batting: SHB Carlos Reyes 0-0: SINGLE (Groundball, 25) (infield hit)
Batting: RHB Javier Rentería 0-0: Called Strike
0-1: Grounds into double play, 5-4-3 (Groundball, 5)
Bottom of the 8th over - 1 run(s), 2 hit(s), 0 error(s), 0 left on base; Indiana 11 - Richmond 6
TOP OF THE 9TH
Indiana Hounds batting - Pitching for Richmond Flairs : LHP Takaaki Omori
Pitching: RHP Alfonso Rodríguez
Batting: RHB Shawn Marshall 0-0: Called Strike
0-1: Foul Ball, location: 2F
0-2: Ball
1-2: Strikes out swinging
Batting: LHB Dave Watson 0-0: Ball
1-0: Ball
2-0: Foul Ball, location: 2F
2-1: Foul Ball, location: 2F
2-2: Strikes out looking
Batting: RHB António Venecia 0-0: Called Strike
0-1: Called Strike
0-2: Ball
1-2: Strikes out swinging
Top of the 9th over - 0 run(s), 0 hit(s), 0 error(s), 0 left on base; Indiana 11 - Richmond 6
BOTTOM OF THE 9TH
Richmond Flairs batting - Pitching for Indiana Hounds : LHP Dennis Taylor
Pitching: RHP Enrique Gómez
Now in LF: Paco Castillo
Batting: LHB Luis Villa 0-0: Called Strike
0-1: Ball
1-1: Ball
2-1: Foul Ball, location: 2F
2-2: Strikes out swinging
Batting: RHB R.J. Crosby 0-0: Ball
1-0: Called Strike
1-1: Ball
2-1: Foul Ball, location: 2F
2-2: Foul Ball, location: 2F
2-2: Ball
3-2: Foul Ball, location: 2F
3-2: Ground out 5-3 (Groundball, 56S)
Batting: RHB Alberto Hernández 0-0: Ball
1-0: Ball
2-0: Called Strike
2-1: Called Strike
2-2: Strikes out swinging
Bottom of the 9th over - 0 run(s), 0 hit(s), 0 error(s), 0 left on base; Indiana 11 - Richmond 6
Monday, December 5th, 2016 - OOTP Baseball 17.12 Build 75